 Dungeon Crawl Stone Soup version 0.28.0-47-ge53b351184 (webtiles) character file.

Game seed: 13143322426065986684

1589 issech the Skirmisher (level 8, -4/79 HPs)
             Began as a Troll Fighter on May 6, 2022.
             Slain by a killer bee (5 damage)
             ... on level 6 of the Dungeon.
             The game lasted 00:19:43 (5056 turns).

issech the Skirmisher (Troll Fighter)               Turns: 5056, Time: 00:19:44

Health: -4/79      AC:  5    Str: 25    XL:     8   Next: 61%
Magic:  7/7        EV:  9    Int:  4    God:
Gold:   353        SH:  8    Dex: 11    Spells: 7/7 levels left

rFire   + . .      SeeInvis .   v - +3 spear (venom)
rCold   . . .      Faith    .   c - +0 kite shield
rNeg    . . .      Spirit   .   w - +0 animal skin
rPois   +          Reflect  .   (helmet restricted)
rElec   .          Harm     .   P - +0 cloak
rCorr   .          Rampage  .   (gloves unavailable)
Will    .....                   (boots unavailable)
Stlth   +.........              (no amulet)
HPRegen 1.03/turn               u - ring of protection from fire
MPRegen 0.10/turn               U - ring of poison resistance

@: lethally poisoned (-4 -> -5)
A: large, unfitting armour, claws 3, regeneration 1, shaggy fur 1, tough skin 1
a: no special abilities


You were on level 6 of the Dungeon.
You visited 1 branch of the dungeon, and saw 6 of its levels.

You collected 353 gold pieces.

Inventory:

Hand Weapons
 a - a +2 long sword of holy wrath
 b - a +1 broad axe of holy wrath
 f - a +2 dagger of draining
 p - a +0 dagger of holy wrath
 s - a +0 hunting sling
 v - a +3 spear of venom (weapon)
 y - a +2 dagger of flaming
 D - a +0 dagger of speed
 F - a +1 war axe of electrocution
 O - a +0 flail of holy wrath
Missiles
 h - 164 stones
 k - 19 bolts
 t - 15 boomerangs (quivered)
 C - 14 poisoned darts
 I - 6 javelins
 L - 19 sling bullets
 Q - 11 arrows
 R - 2 datura-tipped darts
 V - 2 curare-tipped darts
Armour
 c - a +0 kite shield (worn)
 w - a +0 animal skin (worn)
 K - an orb of energy
 P - a +0 cloak (worn)
Magical Staves
 m - a staff of air
 B - a staff of cold
Jewellery
 o - a ring of fire
 u - a ring of protection from fire (left claw)
 U - a ring of poison resistance (right claw)
Wands
 M - a wand of acid (8)
 N - a wand of charming (9)
 T - a wand of iceblast (2)
Scrolls
 e - a scroll of teleportation
 g - a scroll of vulnerability
 j - 2 scrolls of enchant armour
 q - 3 scrolls of fog
 r - 2 scrolls of amnesia
 x - a scroll of noise
 G - a scroll of fear
 H - a scroll of torment
 S - 2 scrolls of immolation
Potions
 d - a potion of might
 i - 2 potions of heal wounds {unknown}
 l - 2 potions of haste {unknown}
 n - 5 potions of curing {unknown}
 z - a potion of degeneration {unknown}
 A - a potion of brilliance {unknown}
 E - a potion of resistance {unknown}
 J - a potion of cancellation {unknown}


   Skills:
 + Level 4.5 Fighting
 + Level 1.3(3.9) Axes
 + Level 3.8(4.0) Maces & Flails
 + Level 4.4(4.6) Polearms
 + Level 2.2 Throwing
 + Level 4.3 Dodging
 + Level 0.9 Stealth
 + Level 4.1 Shields


You had 7 spell levels left.
You didn't know any spells.
Your spell library contained the following spells:

 Spells                   Type           Power      Damage    Failure   Level
 Animate Skeleton         Necr           0%         N/A       78%         1
 Pain                     Necr           0%         1d4       78%         1
 Slow                     Hex            0%         N/A       78%         1
 Confusing Touch          Hex            0%         N/A       98%         3
 Ignite Poison            Fire/Tmut/Pois 0%         N/A       98%         3
 Mephitic Cloud           Conj/Pois/Air  0%         N/A       98%         3
 Vampiric Draining        Necr           0%         2d6       98%         3
 Summon Lightning Spire   Summ/Air       0%         N/A       100%        4
 Blade Hands              Tmut           0%         N/A       100%        5
 Freezing Cloud           Conj/Ice/Air   0%         6-21      100%        5
 Irradiate                Conj/Tmut      0%         3d13      100%        5
 Dragon Form              Tmut           0%         N/A       100%        7
 Storm Form               Tmut/Air       0%         N/A       100%        7
 Maxwell's Capacitive Co  Air            0%         ∞         100%        8


Dungeon Overview and Level Annotations

Branches:
Dungeon (6/15)             Temple (0/1) D:6

Altars:
Uskayaw
Vehumet
Wu Jian

Shops:
D:6 ***


Innate Abilities, Weirdness & Mutations

You are too large for most types of armour.
You have claws for hands.
Your natural rate of healing is unusually fast.
You are covered in fur. (AC +1)
You have tough skin. (AC +1)


Message History

* * * LOW HITPOINT WARNING * * *
You slash the killer bee!
The killer bee is almost dead.
You feel sick.
The killer bee stings you but does no damage.
The killer bee stings you.
* * * LOW HITPOINT WARNING * * *
You are more poisoned.
The killer bee poisons you! The killer bee closely misses you.
You feel sick. The killer bee barely misses you.
Your +1 broad axe of holy wrath stops glowing.
Your +3 spear of venom begins to drip with poison!
v - a +3 spear of venom (weapon)
You feel sick. The killer bee barely misses you.
You closely miss the killer bee.
The killer bee is almost dead.
You feel sick. The killer bee barely misses you.
The killer bee closely misses you.
You hit the killer bee.
The killer bee is almost dead.
You feel sick. The killer bee stings you.
* * * LOW HITPOINT WARNING * * *
You are more poisoned.
The killer bee poisons you! You block the killer bee's attack.
You barely miss the killer bee.
The killer bee is almost dead.
* * * LOW HITPOINT WARNING * * *
You feel very sick.
The killer bee stings you but does no damage. x2
You miss the killer bee.
The killer bee is almost dead.
You feel very sick. The killer bee closely misses you.
The killer bee stings you.
* * * LOW HITPOINT WARNING * * *
Unknown command.
You barely miss the killer bee.
The killer bee is almost dead.
* * * LOW HITPOINT WARNING * * *
You feel sick. The killer bee stings you.
You die...

.... .... ..... .....
...... ....########
#..#yyy@.## #...###..#
##### #..##.##†# #####....
#..#..)'.#### #........
....##.##....# #.≈.≈≈≈≈≈
..#####'#.....###.≈......
#.##..##)#####.....≈.≈...≈
#.#...['#'...##....≈.≈._.≈
# #...)##....[#....≈.≈...≈


You could see 3 killer bees.

Vanquished Creatures
  A water moccasin (D:6)
  A sky beast (D:6)
  An orc warrior (D:6)
  3 ogres
  2 scorpions (D:4)
  A wyvern zombie (D:6)
  A water moccasin zombie (D:5)
  A water moccasin skeleton (D:4)
  A killer bee (D:6)
  A howler monkey (D:5)
  A bullfrog zombie (D:6)
  A jelly (D:4)
  3 hounds
  3 orc priests
  A bullfrog skeleton (D:6)
  Jessica (D:3)
  Ijyb (D:3)
  An iguana (D:5)
  2 orc wizards
  A hound skeleton (D:4)
  Robin (D:3)
  3 gnolls (D:5)
  5 adders
  A shadow imp (D:6)
  2 white imps (D:6)
  An ufetubus (D:5)
  2 adder skeletons (D:4)
  A worm (D:3)
  15 orcs
  6 endoplasms
  3 giant cockroaches
  25 goblins
  11 hobgoblins
  3 jackals (D:3)
  11 kobolds
  4 quokkas
  5 ball pythons
  2 bats (D:3)
  5 frilled lizards
  8 rats
142 creatures vanquished.

Vanquished Creatures (others)
  An orc wizard (D:6)
1 creature vanquished.

Grand Total: 143 creatures vanquished

Notes
Turn   | Place    | Note
-------+----------+-------------------------------------------
     0 | D:1      | issech the Troll Fighter began the quest for the Orb.
     0 | D:1      | Reached XP level 1. HP: 22/22 MP: 0/0
     9 | D:1      | Found a faded altar of an unknown god.
   251 | D:1      | Reached XP level 2. HP: 28/29 MP: 1/1
   838 | D:2      | Reached XP level 3. HP: 36/36 MP: 2/2
  1653 | D:3      | Found a hide-covered altar of Uskayaw.
  1675 | D:3      | Noticed Ijyb
  1773 | D:3      | Killed Ijyb
  1774 | D:3      | Reached XP level 4. HP: 35/44 MP: 3/3
  1858 | D:3      | Noticed Robin
  1935 | D:3      | Noticed Jessica
  1940 | D:3      | Killed Jessica
  2150 | D:3      | Reached XP level 5. HP: 49/49 MP: 4/4
  2156 | D:3      | Killed Robin
  2465 | D:4      | Reached skill level 1 in Throwing
  2609 | D:4      | Reached XP level 6. HP: 61/61 MP: 5/5
  2664 | D:4      | Reached skill level 1 in Polearms
  3140 | D:5      | Entered Level 5 of the Dungeon
  3193 | D:5      | Reached XP level 7. HP: 61/68 MP: 6/6
  4275 | D:6      | Found a staircase to the Ecumenical Temple.
  4290 | D:6      | Found Ewkudab's Assorted Antiques.
  4434 | D:6      | Found a radiant altar of Vehumet.
  4617 | D:6      | Reached XP level 8. HP: 71/78 MP: 7/7
  4731 | D:6      | Found Rounol's General Store.
  4737 | D:6      | Found Noadgh Eses's Specific Store.
  4801 | D:6      | Found an ornate altar of the Wu Jian Council.
  4983 | D:6      | Reached skill level 1 in Axes
  5055 | D:6      | HP: 2/79 [killer bee (3)]
  5056 | D:6      | Slain by a killer bee

Illustrated notes

Levels and vault maps discovered:
D:1:      onia_arrival_handbag, layout_loops_ring,
          ebering_ecumenical_altar_ruins
D:2:      layout_basic, minmay_liquid_box
D:3:      kennysheep_the_goblin_king, layout_rooms,
          mainiacjoe_overflow_alcove_4, minmay_strange_pillars, uniq_ijyb,
          uniq_robin, uniq_jessica
D:4:      layout_loops_ring, minmay_surrounded
D:5:      layout_rooms, serial_co_window_serial, co_window_of_opportunity_a,
          co_window_corner_a, co_window_corner_a, co_window_of_opportunity_a,
          co_window_of_opportunity_a, co_window_corner_a, co_window_paths_a,
          co_window_broadway_a, co_window_unsneaky_path_a, co_window_2corner,
          co_window_corner_b, co_window_broadway_a, co_window_paths_d,
          glass_columns_b, glass_columns_c
D:6:      layout_layer_cave, mainiacjoe_overflow_six_doors_small,
          mainiacjoe_overflow_cross_hatched, minmay_temple_entry_overgrown,
          serial_shops, nicolae_shop_waterfront, nicolae_specific_store,
          minmay_joined_circles

Skill      XL: |  1  2  3  4  5  6  7  8 |
---------------+-------------------------+-----
Maces & Flails | 2 3 |  3.8
Dodging        | 3 4 |  4.3
Fighting       | 3 4 |  4.5
Throwing       | 1 2 |  2.2
Shields        | 3 4 |  4.1
Polearms       | 1 3 4 |  4.4
Axes           | 1 |  1.3
Stealth        | |  0.9

Action                   |  1- 3 |  4- 6 |  7- 9 || total
-------------------------+-------+-------+-------++-------
Melee: Flail             |   145 |    25 |       ||   170
       Dagger            |       |    21 |       ||    21
       Spear             |       |    89 |   129 ||   218
       Broad axe         |       |       |    70 ||    70
Throw: Boomerang         |    35 |     3 |    16 ||    54
       Stone             |    13 |    22 |       ||    35
  Use: Scroll            |       |     6 |     3 ||     9
Armor: Robe              |    67 |    34 |       ||   101
       Animal skin       |       |    26 |    52 ||    78
Dodge: Dodged            |   101 |    70 |    65 ||   236
Block: Kite shield       |    74 |    78 |    76 ||   228
